 Dungeon Crawl Stone Soup version 0.28-a0-422-gd71735cc25 (webtiles) character file.

Game seed: 3942841490895125336

5041 freelancePsychic the Thaumaturge (level 10, -3/77 HPs)
             Began as a Djinni Fire Elementalist on Sept 8, 2021.
             Was a Follower of Makhleb.
             Slain by a two-headed ogre (17 damage)
             ... on level 9 of the Dungeon.
             The game lasted 00:11:38 (10463 turns).

freelancePsychic the Thaumaturge (DjFE)            Turns: 10463, Time: 00:11:39

Health: -3/77      AC:  8    Str:  7    XL:     10   Next: 85%
Gold:   368        EV: 20    Int: 20    God:    Makhleb [*.....] SH:  0 Dex: 14

rFire   + + .      SeeInvis .   (no weapon)
rCold   x . .      Faith    .   (no shield)
rNeg    . . .      Spirit   .   k - +0 steam dragon scales
rPois   ∞          Reflect  .   (no helmet)
rElec   .          Harm     .   s - +2 cloak
rCorr   .          Rampage  .   (no gloves)
Will    +....                   (boots unavailable)
Stlth   ++........              (no amulet)
HPRegen 0.22/turn               c - +4 ring of evasion
MPRegen 0.00/turn               b - +4 ring of evasion

@: flying
A: sickness immunity, fire resistance 2, cold vulnerability 1, float, innate
caster, hp casting, extra vitality 1
a: Renounce Religion


You were on level 9 of the Dungeon.
You worshipped Makhleb.
Makhleb was aware of your devotion.
You visited 2 branches of the dungeon, and saw 10 of its levels.

You collected 368 gold pieces.

Inventory:

Missiles
 d - 34 stones
 w - 5 throwing nets
Armour
 k - +0 steam dragon scales (worn)
 s - a +2 cloak (worn)
Jewellery
 b - a +4 ring of evasion (right hand)
 c - a +4 ring of evasion (left hand)
 o - a ring of resist corrosion
Wands
 t - a wand of iceblast (5)
Scrolls
 a - a scroll of holy word
 h - 9 scrolls of teleportation {@r4}
 i - 2 scrolls of enchant weapon
 j - a scroll of magic mapping
 m - a scroll of immolation
 r - 3 scrolls of vulnerability
 u - a scroll of identify {@r1}
 y - 2 scrolls of fear {unknown}
Potions
 e - 4 potions of attraction
 f - 8 potions of curing {@q1}
 g - 2 potions of magic {unknown}
 l - 2 potions of ambrosia {unknown}
 n - 2 potions of brilliance {unknown}
 p - 5 potions of lignification {unknown}
 q - 2 potions of heal wounds {unknown}
 v - 3 potions of flight {unknown}
 x - a potion of cancellation {unknown}


   Skills:
 + Level 8.8 Fighting
 - Level 2.1 Dodging
 - Level 1.5 Stealth
 * Level 9.9 Spellcasting


You had 6 spell levels left.
You knew the following spells:

 Your Spells              Type           Power      Damage    Failure   Level
a - Foxfire               Conj/Fire      100%       2x1d9     1%          1
b - Scorch                Fire           98%        2d10      1%          2
c - Inner Flame           Hex/Fire       49%        N/A       1%          3
d - Conjure Flame         Conj/Fire      49%        6-21      1%          3
e - Flame Wave            Conj/Fire      49%        3d9       1%          4
f - Sandblast             Erth           98%        2d20      1%          1
g - Static Discharge      Conj/Air       49%        N/A       1%          2
h - Ensorcelled Hibernat  Hex/Ice        98%        N/A       1%          2
i - Iskenderun's Mystic   Conj/Tloc      49%        2d11      1%          4
Your spell library was empty.

Dungeon Overview and Level Annotations

Branches:
Dungeon (9/15)             Temple (1/1) D:5
   Lair: D:8-11         Orc: D:9-12

Altars:
Ashenzari
Cheibriados
Elyvilon
Fedhas
Gozag
Hepliaklqana
Kikubaaqudgha
Makhleb
Nemelex Xobeh
Okawaru
Qazlal
Ru
Sif Muna
Trog
Vehumet
Wu Jian
Xom
Yredelemnul
The Shining One

Shops:
D:4 *

Annotations:
D:6 1 runed translucent door, Crazy Yiuf


Innate Abilities, Weirdness & Mutations

You are immune to sickness and miasma.
You are immune to poison.
Your flesh is very heat resistant. (rF++)
You are vulnerable to cold. (rC-)
You float through the air rather than walking.
You learn spells naturally, not from books.
Your magical power is your life essence.
You have superior vitality. (+4 HP)


Message History

The two-headed ogre shouts in stereo!
The two-headed ogre barely resists.
Casting: Inner Flame (safe; 1% risk of failure)
Confirm with . or Enter, or press ? or * to list all spells.
Aiming: Inner Flame (safe; 1% risk of failure)
Press: ? - help, Shift-Dir - straight line, f/p - two-headed ogre
Aim: a two-headed ogre, wielding a +0 giant club and a +0 dire flail (chance to affect: 84%)
The two-headed ogre barely resists.
Casting: Inner Flame (safe; 1% risk of failure)
Confirm with . or Enter, or press ? or * to list all spells.
Flames lash the two-headed ogre.
The two-headed ogre is lightly wounded.
The two-headed ogre's fire resistance burns away.
The two-headed ogre hits you with a +0 giant club!!
The two-headed ogre hits you but does no damage.
Casting: Scorch (safe; 1% risk of failure)
Confirm with . or Enter, or press ? or * to list all spells.
Aiming: Inner Flame (safe; 1% risk of failure)
Press: ? - help, Shift-Dir - straight line, f/p - two-headed ogre
Aim: a two-headed ogre, wielding a +0 giant club and a +0 dire flail (lightly wounded, more vulnerable to fire, chance to affect: 84%)
The two-headed ogre is filled with an inner flame.
Casting: Inner Flame (safe; 1% risk of failure)
Confirm with . or Enter, or press ? or * to list all spells.
Flames lash the two-headed ogre.
The two-headed ogre is burned terribly!
Flame seeps out of the two-headed ogre.
The two-headed ogre is lightly wounded.
The two-headed ogre is engulfed in blazing flames.
Flame seeps out of the two-headed ogre.
The two-headed ogre completely misses you.
The two-headed ogre closely misses you.
The two-headed ogre is engulfed in blazing flames.
Flame seeps out of the two-headed ogre.
The two-headed ogre is no longer more vulnerable to fire.
Casting: Scorch (safe; 1% risk of failure)
Confirm with . or Enter, or press ? or * to list all spells.
You conjure some foxfire!
The two-headed ogre hits you with a +0 giant club!!
* * * LOW HITPOINT WARNING * * *
The two-headed ogre hits you with a +0 dire flail!
You die...

### # #.. .# #.# #.#
#########.#######..#
#.........#........#
########.........#.#####..#
................v#.#...#..#
.....)).........@O..........
......)........v.#.#.#.......
##############.....#...
......# ....(.# #.........#
#........# ......#
#....................#
......# #............#...
......# ####.......... .#
......# #.......... ......#
#..........


You could see a two-headed ogre (inner flame, ally target).

Vanquished Creatures
  Harold (D:7)
  A two-headed ogre (D:8)
  Grinder (D:5)
  A wyvern (D:9)
  Eustachio (D:5)
  A steam dragon (D:6)
  4 water moccasins
  3 orc warriors
  4 black bears
  5 ogres
  A centaur (D:8)
  2 phantoms (D:7)
  2 kobold brigands
  A wyvern zombie (D:7)
  2 bullfrogs
  A water moccasin skeleton (D:4)
  4 killer bees (D:8)
  An electric eel (D:8)
  2 centaur zombies
  5 orc priests
  2 jellies
  A bullfrog skeleton (D:5)
  A centaur skeleton (D:6)
  A hound (D:6)
  An iguana (D:5)
  5 orc wizards
  A howler monkey zombie (D:8)
  3 gnolls (D:7)
  8 adders
  A river rat (D:5)
  3 white imps
  2 ufetubi
  A worm (D:3)
  30 orcs
  3 ball pythons
  6 endoplasms
  3 giant cockroaches
  5 goblins
  2 hobgoblins
  10 kobolds
  2 quokkas
  2 bats (D:3)
  A frilled lizard (D:1)
  7 rats
144 creatures vanquished.

Vanquished Creatures (others)
  319 foxfires
319 creatures vanquished.

Grand Total: 463 creatures vanquished

Notes
Turn   | Place    | Note
-------+----------+-------------------------------------------
     0 | D:1      | freelancePsychic the Djinni Fire Elementalist began the
                  | quest for the Orb.
     0 | D:1      | Reached XP level 1. HP: 15/15 MP: 0/0
   212 | D:1      | Reached XP level 2. HP: 17/22 MP: 0/0
   573 | D:1      | Found a faded altar of an unknown god.
   977 | D:1      | Reached skill level 1 in Fighting
  1171 | D:2      | Reached skill level 3 in Spellcasting
  1171 | D:2      | Reached XP level 3. HP: 14/27 MP: 0/0
  1171 | D:2      | Learned a level 1 spell: Sandblast
  2074 | D:2      | Reached XP level 4. HP: 27/33 MP: 0/0
  2168 | D:3      | Noticed an ogre
  2172 | D:3      | Killed an ogre
  2173 | D:3      | Reached XP level 5. HP: 34/39 MP: 0/0
  2173 | D:3      | Learned a level 2 spell: Static Discharge
  2424 | D:3      | Reached skill level 4 in Spellcasting
  3258 | D:4      | Noticed an ogre
  3313 | D:4      | Killed an ogre
  3314 | D:4      | Reached XP level 6. HP: 34/46 MP: 0/0
  3794 | D:4      | Reached XP level 7. HP: 47/50 MP: 0/0
  3794 | D:4      | Learned a level 2 spell: Ensorcelled Hibernation
  4165 | D:4      | Found Leefali's Assorted Antiques.
  4239 | D:5      | Entered Level 5 of the Dungeon
  4275 | D:5      | Reached skill level 5 in Spellcasting
  5119 | D:5      | Noticed Eustachio
  5125 | D:5      | Killed Eustachio
  5213 | D:5      | Noticed Grinder
  5218 | D:5      | Killed Grinder
  5219 | D:5      | Reached skill level 6 in Spellcasting
  5219 | D:5      | Reached XP level 8. HP: 42/58 MP: 0/0
  5375 | D:5      | Reached skill level 5 in Fighting
  5425 | D:5      | Found a staircase to the Ecumenical Temple.
  5441 | Temple   | Entered the Ecumenical Temple
  5448 | Temple   | Became a worshipper of Makhleb the Destroyer
  6292 | D:6      | Reached skill level 7 in Spellcasting
  6292 | D:6      | Reached XP level 9. HP: 53/66 MP: 0/0
  6292 | D:6      | Learned a level 4 spell: Iskenderun's Mystic Blast
  6425 | D:6      | Found a runed translucent door.
  6426 | D:6      | Noticed Crazy Yiuf
  7478 | D:7      | Reached skill level 8 in Spellcasting
  8395 | D:7      | Noticed Harold
  8405 | D:7      | Killed Harold
  8406 | D:7      | Reached XP level 10. HP: 41/76 MP: 0/0
  8639 | D:8      | Reached skill level 9 in Spellcasting
  9085 | D:8      | Reached * piety under Makhleb
  9606 | D:8      | Noticed a two-headed ogre
  9610 | D:8      | Killed a two-headed ogre
 10187 | D:8      | Identified the +1 flail of the Protecting Badger {flame,
                  | Str+2}
 10449 | D:9      | Noticed a two-headed ogre
 10463 | D:9      | Slain by a two-headed ogre

Illustrated notes

Levels and vault maps discovered:
D:1:      dpeg_arrival_central, layout_rooms, shapermc_ecumenical_altar_ellora,
          minmay_misc_feat_four_crosses, serial_park_tiny_pond
D:2:      layout_basic
D:3:      layout_basic, hangedman_abyss_or_decor_stabs
D:4:      layout_rooms, nicolae_sif_muna_condensation, serial_shops, shop
D:5:      layout_loops_corners, minmay_temple_entry_fiery, gup_sewer_entry_bowl,
          uniq_eustachio, uniq_grinder
D:6:      layout_basic, grunt_tough_drop, uniq_crazy_yiuf_cottage
D:7:      layout_basic, uniq_harold
D:8:      layout_rooms, lightli_minifort
D:9:      layout_basic
Temple:   nicolae_temple_no_exploring_needed

Skill      XL: |  1  2  3  4  5  6  7  8  9 10 |
---------------+-------------------------------+-----
Fighting       | 1 2 3 4 5 7 8 |  8.8
Spellcasting   | 3 4 6 7 8 9 |  9.9
Dodging        | |  2.1
Stealth        | |  1.5

Action                   |  1- 3 |  4- 6 |  7- 9 | 10-12 || total
-------------------------+-------+-------+-------+-------++-------
Melee: Unarmed           |       |       |     1 |       ||     1
 Cast: Foxfire           |    46 |    46 |    38 |    57 ||   187
       Scorch            |    12 |    28 |    70 |     9 ||   119
       Inner Flame       |       |       |    33 |    16 ||    49
       Conjure Flame     |       |       |     1 |     3 ||     4
       Flame Wave        |       |       |     2 |     4 ||     6
  Use: Scroll            |     1 |     4 |     6 |       ||    11
Armor: Steam dragon scal |       |       |       |     6 ||     6
Dodge: Dodged            |     7 |     8 |    25 |    45 ||    85

Table legend: (Time is in decaauts)
 A = Elapsed time spent in this place.
 B = Non-inter-level travel time spent in this place.
 C = Inter-level travel time spent in this place.
 D = Time resting spent in this place.
 E = Time spent auto-exploring this place.
 F = Levels seen in this place.
 G = Mean time per level.
                   A        B        C        D        E       F      G
               +--------+--------+--------+--------+--------+-----+--------+
         Total |  10463 |  10190 |    273 |    341 |   8939 |  10 | 1046.3 |
       Dungeon |  10448 |  10182 |    266 |    341 |   8939 |   9 | 1160.9 |
        Temple |     14 |      7 |      7 |      0 |      0 |   1 |   14.0 |
               +--------+--------+--------+--------+--------+-----+--------+

Top non-repeatable levels by time:
     D:7: 1693 daAuts
     D:5: 1490 daAuts
     D:6: 1413 daAuts
     D:8: 1396 daAuts
     D:3: 1244 daAuts
     D:2: 1081 daAuts
     D:1: 1076 daAuts
     D:4: 836 daAuts
     D:9: 215 daAuts
  Temple: 14 daAuts
